 Dungeon Crawl Stone Soup version 0.31-a0-204-g7da18cac08 (webtiles) character file.

Game seed: 4622384994251303992

49 qw the Shooter (level 3, 0/20 HPs)
             Began as a Deep Elf Hunter on June 27, 2023.
             Slain by Natasha (3 damage)
             ... on level 2 of the Dungeon.
             The game lasted 00:00:18 (947 turns).

qw the Shooter (Deep Elf Hunter)                     Turns: 947, Time: 00:00:18

Health: 0/20       AC:  6    Str: 10    XL:     3   Next: 53%
Magic:  5/5        EV: 11    Int: 13    God:
Gold:   60         SH:  0    Dex: 18    Spells: 2/2 levels left

rFire   . . .        Y - +0 shortbow
rCold   . . .        (shield currently unavailable)
rNeg    . . .        j - +0 ring mail
rPois   .            f - +0 helmet
rElec   .            (no cloak)
rCorr   .            (no gloves)
SInv    .            (no boots)
Will    .....        (no amulet)
Stlth   +            (no ring)
HPRegen 0.23/turn    (no ring)
MPRegen 0.09/turn

%: no passive effects
@: slowed, very slow
A: no striking features
a: no special abilities


You were on level 2 of the Dungeon.
You visited 1 branch of the dungeon, and saw 2 of its levels.

You collected 60 gold pieces.


   Skills:
 - Level 1.5 Fighting
 + Level 7.1 Ranged Weapons
 - Level 2.4 Dodging
 - Level 1.2 Stealth


You had 2 spell levels left.
You didn't know any spells.
Your spell library was empty.

Inventory:

Hand Weapons
 Y - a +0 shortbow (weapon)
Armour
 f - a +0 helmet (worn)
 j - a +0 ring mail (worn)
Potions
 a - a potion of attraction {unknown}
 e - a potion of haste {unknown}
 g - a potion of mutation {unknown}
 k - a potion of berserk rage {unknown}

Dungeon Overview and Level Annotations

Branches:
Dungeon (2/15)

Altars:

Annotations:
D:2 Natasha


Message History

Found a stone staircase leading down.
Enter note: You now have 60 gold pieces (gained 3).
There is a stone staircase leading down here.
Found a plate armour.
Enter note: A worm comes into view.
Enter note: You shoot an arrow.
The arrow hits the worm!
The worm is heavily wounded.
You shoot an arrow. The arrow hits the worm!
The worm is almost dead.
You shoot an arrow. The arrow barely misses the worm.
You shoot an arrow. The arrow hits the worm.
The worm is almost dead.
You shoot an arrow. The arrow hits the worm.
You kill the worm!
You see here a worm corpse.
You see here a +0 plate armour.
Natasha, Servant of Life and Death comes into view.
Enter note: You shoot an arrow.
The arrow hits Natasha.
Natasha is moderately wounded.
Natasha casts a spell at you.
You feel yourself slow down.
You shoot an arrow. The arrow hits Natasha!
Natasha is almost dead.
Natasha mewls in sadness.
Natasha stares at you and mumbles some strange words.
The magic dart hits you.
You shoot an arrow. The arrow completely misses Natasha.
Natasha mumbles some strange words.
You feel troubled. Natasha casts a spell at you. The magic dart hits you.
You shoot an arrow. The arrow closely misses Natasha.
Natasha claws you!
You shoot an arrow. The arrow closely misses Natasha.
Natasha claws you.
You die...

## ###...#####.#.# #.. .#
.(..........#.# #.#
.#.#####....#####.##### #.#
.#..............#.#...# #.#
.#.#####.#.#..#.#.#...####.######
.#.#..##.#.#....#.#...##.........
.#.#...#.#.#.../#.#...##.#.####..
.#.#...#.#.#...h#.#..[##.#.......
..............?.@................
...##....#......#.#...##.###.#.#.
...%..<..#......#.######.# #.#...
..########......#.# #.# #.#...
.... ........#.# #.# #.#.#. #.###
#######.#.# #.# #.#... #.. ..#.#
#.# #.###. ###. ###.. #.. ..


You could see Natasha.

Vanquished Creatures
  Natasha (D:2)
  An adder (D:2)
  A worm (D:2)
  An endoplasm (D:1)
  3 goblins
  A quokka (D:1)
  2 ball pythons
  A bat (D:1)
  4 frilled lizards (D:1)
  A rat (D:1)
16 creatures vanquished.

Notes
Turn   | Place    | Note
-------+----------+-------------------------------------------
     0 | D:1      | qw the Deep Elf Hunter began the quest for the Orb.
     0 | D:1      | Reached XP level 1. HP: 12/12 MP: 3/3
     0 | D:1      | 0 ||| qw: Version: 0.3-a-22-g0ed2b0b
     0 | D:1      | 0 ||| qw: Game counter: 6543
     0 | D:1      | 0 ||| qw: Melee chars always use a shield: true
     0 | D:1      | 0 ||| qw: God list: Okawaru
     0 | D:1      | 0 ||| qw: Allow faded altars: false
     0 | D:1      | 0 ||| qw: Do Orc after clearing Dungeon:15 true
     0 | D:1      | 0 ||| qw: Do second Lair branch before Depths: true
     0 | D:1      | 0 ||| qw: Lair rune preference: random
     0 | D:1      | 0 ||| qw: Goals: Normal
     0 | D:1      | 0 ||| PLANNING D:1-11
   530 | D:1      | Reached XP level 2. HP: 16/16 MP: 4/4
   541 | D:1      | Reached skill level 6 in Ranged Weapons
   631 | D:1      | 631 ||| UPGRADING to +0 helmet.
   636 | D:1      | 636 ||| UPGRADING to +0 ring mail.
   646 | D:1      | 646 ||| DROPPING +0 leather armour.
   647 | D:1      | 647 ||| READING scroll labelled DIENWA DIYSONN.
   648 | D:1      | 648 ||| READING scroll labelled BYAD EL LEMPUG.
   649 | D:1      | 649 ||| READING scroll labelled MAETUW HU ANEPE.
   650 | D:1      | 650 ||| DROPPING scroll of butterflies.
   679 | D:2      | Noticed Natasha
   690 | D:2      | HP: 3/16 [Natasha/magic dart (5)]
   693 | D:2      | Killed Natasha
   694 | D:2      | Reached XP level 3. HP: 5/20 MP: 5/5
   789 | D:2      | Reached skill level 7 in Ranged Weapons
   942 | D:2      | Noticed Natasha
   946 | D:2      | HP: 3/20 [Natasha (8)]
   947 | D:2      | Slain by Natasha

Levels and vault maps discovered:
D:1:      tarquinn_simple_flora_water_f, layout_basic
D:2:      layout_basic, serial_glass, glass_columns_a, glass_columns_a,
          uniq_crazy_yiuf_cottage, uniq_natasha

Skill      XL: |  1  2  3 |
---------------+----------+-----
Ranged Weapons | 6 7 |  7.1
Fighting       | |  1.5
Dodging        | |  2.4
Stealth        | |  1.2

Action                     || total
---------------------------++-------
   Fire: Shortbow          ||    60
    Use: Scroll            ||     3
 Armour: Ring mail         ||     6
         Leather armour    ||     2
  Dodge: Dodged            ||    13

Table legend:
 A = Non-vault XP
 B = Vault XP
 C = Vault XP percentage of total XP
 D = Non-vault monster count
 E = Vault monster count
 F = Vault count percentage of total count
                 A         B        C        D         E       F
            +---------+---------+-------+---------+---------+-------
      Total |      36 |      35 |  49.3 |      15 |       1 |   6.2
            +---------+---------+-------+---------+---------+-------
        D:1 |      14 |       0 |   0.0 |      11 |       0 |   0.0
        D:2 |      22 |      35 |  61.4 |       4 |       1 |  20.0
            +---------+---------+-------+---------+---------+-------
